 Dungeon Crawl Stone Soup version 0.28-a0-872-g80cf8599ee (webtiles) character file.

Game seed: 17556661191671834453

121 Sabo the Covered (level 5, -2/42 HPs)
             Began as a Formicid Fighter on Nov 20, 2021.
             Was a Believer of Cheibriados.
             Killed by nerve-wracking pain
             ... invoked by an orc priest
              (10 damage)
             ... on level 3 of the Dungeon.
             The game lasted 00:10:39 (2258 turns).

Sabo the Covered (Formicid Fighter)                 Turns: 2258, Time: 00:10:42

Health: -2/42      AC:  9    Str: 27    XL:     5   Next: 26%
Magic:  0/5        EV:  8    Int: 12    God:    Cheibriados [**....]
Gold:   141        SH:  5    Dex: 15    Spells: 4/4 levels left

rFire   + . .      SeeInvis +   a - +0 war axe
rCold   . . .      Faith    .   c - +0 buckler
rNeg    . . .      Spirit   +   v - +0 chain mail
rPois   .          Reflect  .   (helmet unavailable)
rElec   .          Harm     .   (no cloak)
rCorr   +          Rampage  .   (no gloves)
Will    .....                   (no boots)
Stlth   ..........              j - amulet of guardian spirit
HPRegen 0.14/turn               r - ring of protection from fire
MPRegen 0.09/turn               u - ring of resist corrosion

@: very slow
A: permanent stasis, dig shafts and tunnels, antennae 3, four strong arms
a: Dig, Shaft Self, Renounce Religion, Bend Time


You were on level 3 of the Dungeon.
You worshipped Cheibriados.
Cheibriados was pleased with you.
You visited 1 branch of the dungeon, and saw 3 of its levels.

You collected 141 gold pieces.

Inventory:

Hand Weapons
 a - a +0 war axe (weapon)
 e - a +0 dagger of venom
 p - a +0 quarterstaff
 t - a +0 hunting sling
Missiles
 q - 30 arrows
Armour
 c - a +0 buckler (worn)
 v - a +0 chain mail (worn)
Jewellery
 j - an amulet of guardian spirit (around neck)
 r - a ring of protection from fire (left hand)
 u - a ring of resist corrosion (right hand)
Scrolls
 f - a scroll of vulnerability {unknown}
 i - a scroll of fear
 k - a scroll of teleportation {unknown}
 m - a scroll of amnesia {unknown}
 n - a scroll of noise {unknown}
 o - a scroll of immolation {unknown}
 s - a scroll of blinking {unknown}
Potions
 d - 2 potions of might
 g - a potion of lignification {unknown}
 h - 2 potions of curing
 l - a potion of attraction {unknown}


   Skills:
 + Level 4.0 Fighting
 + Level 3.4 Axes
 + Level 4.2 Armour
 + Level 0.1 Dodging
 + Level 0.2 Stealth
 + Level 4.1 Shields


You had 4 spell levels left.
You didn't know any spells.
Your spell library was empty.

Dungeon Overview and Level Annotations

Branches:
Dungeon (3/15)

Altars:
Cheibriados


Innate Abilities, Weirdness & Mutations

You cannot be hasted, slowed, berserked, paralysed or teleported.
You can dig through walls and to a lower floor.
You have a pair of large antennae on your head. (SInv)
Your four strong arms can wield two-handed weapons with a shield.


Message History

You barely miss the orc. The orc hits you but does no damage.
The orc hits you with a +0 hand axe.
You hit the orc.
The orc is heavily wounded.
The orc barely misses you.
You slash the orc!
You kill the orc!
Cheibriados appreciates the change of pace.
You block the orc's attack.
Your Fighting skill increases to level 4!
You hit the orc.
The orc is almost dead.
You block the orc's attack.
You closely miss the orc.
The orc is almost dead.
You block the orc's attack.
An orc priest comes into view. It is wielding a +0 club.
The orc priest shouts!
You hit the orc.
You kill the orc!
Cheibriados thoroughly appreciates the change of pace.
The orc priest mumbles some strange prayers to Beogh against you.
Beogh smites you!
You hit the orc but do no damage. You block the orc's attack.
The orc hits you but does no damage.
You barely miss the orc.
The orc priest invokes the aid of Beogh against you.
Beogh smites you! The orc hits you but does no damage.
You slash the orc!
You kill the orc!
Cheibriados thoroughly appreciates the change of pace.
You closely miss the orc priest. The orc priest hits you with a +0 club.
* * * LOW HITPOINT WARNING * * *
You slash the orc priest!
The orc priest is almost dead.
The orc priest hits you with a +0 club.
* * * LOW HITPOINT WARNING * * *
The orc priest calls down the wrath of Beogh upon you.
Pain shoots through your body!
You die...

.#. #.#
##.## #
##...### #
#......# #
#....#.# ##
#.# .# .
#o# .#
.#.### #@#
.# ##.
......
#.##.#.....
#..g.
#..<.......
#....
###...##.#.
#..##
........
... #.
##.).##.# .
... ##.## #
##. .# # ##


You could see an orc priest.

Vanquished Creatures
  A hound (D:3)
  A gnoll (D:1)
  An adder (D:2)
  A worm (D:2)
  10 orcs
  5 bats
  3 endoplasms
  5 giant cockroaches
  4 goblins
  4 hobgoblins
  4 jackals (D:2)
  3 kobolds (D:1)
  A quokka (D:1)
  7 ball pythons
  2 frilled lizards (D:1)
  3 rats
55 creatures vanquished.

Notes
Turn   | Place    | Note
-------+----------+-------------------------------------------
     0 | D:1      | Sabo the Formicid Fighter began the quest for the Orb.
     0 | D:1      | Reached XP level 1. HP: 18/18 MP: 1/1
   155 | D:1      | Reached XP level 2. HP: 24/24 MP: 2/2
   278 | D:1      | Reached XP level 3. HP: 12/29 MP: 3/3
   711 | D:1      | Found a faded altar of an unknown god.
   719 | D:1      | Prayed at the altar of an unknown god.
   719 | D:1      | Became a worshipper of Cheibriados the Contemplative
   719 | D:1      | Reached * piety under Cheibriados
  1540 | D:2      | Reached XP level 4. HP: 37/37 MP: 4/4
  1647 | D:2      | Reached ** piety under Cheibriados
  2101 | D:3      | Reached XP level 5. HP: 36/42 MP: 3/5
  2258 | D:3      | Killed from afar by an orc priest

Illustrated notes

Levels and vault maps discovered:
D:1:      tarquinn_simple_flora_water_f, layout_loops_cross,
          chequers_ecumenical_altar_simple_redux,
          amcnicky_mini_rare_corridor_liquid
D:2:      layout_loops_ring, grunt_decor_junction, hex_tiny
D:3:      layout_loops_ring, mainiacjoe_overflow_alcove_2,
          nicolae_overflow_hidden_temple, kennysheep_cross_room, uniq_ijyb

Skill      XL: |  1  2  3  4  5 |
---------------+----------------+-----
Shields        | 4 |  4.1
Armour         | 4 |  4.2
Axes           | 3 |  3.4
Fighting       | 4 |  4.0
Dodging        | |  0.1
Stealth        | |  0.2

Action                   |  1- 3 |  4- 6 || total
-------------------------+-------+-------++-------
Melee: War axe           |    78 |    70 ||   148
 Abil: Dig               |     2 |     1 ||     3
  Use: Scroll            |     1 |       ||     1
       Potion            |     1 |       ||     1
Armor: Scale mail        |    27 |    34 ||    61
       Chain mail        |       |    10 ||    10
Dodge: Dodged            |    36 |    44 ||    80
Block: Buckler           |    21 |    22 ||    43

Table legend: (Time is in decaauts)
 A = Elapsed time spent in this place.
 B = Non-inter-level travel time spent in this place.
 C = Inter-level travel time spent in this place.
 D = Time resting spent in this place.
 E = Time spent auto-exploring this place.
 F = Levels seen in this place.
 G = Mean time per level.
                   A        B        C        D        E       F      G
               +--------+--------+--------+--------+--------+-----+--------+
         Total |   2755 |   2755 |      0 |    627 |      0 |   3 |  918.3 |
       Dungeon |   2755 |   2755 |      0 |    627 |      0 |   3 |  918.3 |
               +--------+--------+--------+--------+--------+-----+--------+

Top non-repeatable levels by time:
     D:2: 1305 daAuts
     D:1: 1299 daAuts
     D:3: 150 daAuts
